 Dungeon Crawl Stone Soup version 0.28-a0-1241-gf280a0fbb2 (webtiles) character file.

Game seed: 12863127928811292522

16625 GordonOverkill the Fighter (level 12, -6/105 HPs)
             Began as a Minotaur Cinder Acolyte on Dec 22, 2021.
             Was a Priest of Ignis.
             Mangled by a polar bear (11 damage)
             ... on level 2 of the Lair of Beasts on Dec 26, 2021.
             The game lasted 00:50:03 (23349 turns).

GordonOverkill the Fighter (MiCA)                  Turns: 23349, Time: 00:50:04

Health: -6/105     AC: 20    Str: 23    XL:     12   Next: 11%
Magic:  22/22      EV:  3    Int: 11    God:    Ignis [***...]
Gold:   1794       SH: 12    Dex:  7    Spells: 25/25 levels left

rFire   + . .      SeeInvis +   b - +0 hand axe (flame)
rCold   . . .      Faith    .   J - +0 tower shield
rNeg    . . .      Spirit   .   e - +0 plate armour
rPois   .          Reflect  .   g - +1 hat
rElec   .          Harm     .   h - +0 cloak
rCorr   .          Rampage  .   G - +0 pair of gloves
Will    .....                   B - +0 pair of boots
Stlth   ..........              (no amulet)
HPRegen 0.27/turn               i - +4 ring of protection
MPRegen 0.18/turn               u - ring of see invisible

@: no status effects
A: horns 2, retaliatory headbutt
a: Renounce Religion, Fiery Armour, Foxfire Swarm, Rising Flame


You were on level 2 of the Lair of Beasts.
You worshipped Ignis.
Ignis was most pleased with you.
You visited 2 branches of the dungeon, and saw 13 of its levels.

You collected 1859 gold pieces.
You spent 65 gold pieces at shops.

Inventory:

Hand Weapons
 a - a +0 war axe of freezing
 b - a +0 hand axe of flaming (weapon)
 I - the +1 mace of Recklessness {flame, rElec rN+ Int-4 Dex+7}
   (You found it on level 9 of the Dungeon)

   It burns those it strikes, dealing additional fire damage.
   Int:       It affects your intelligence (-4).
   Dex:       It affects your dexterity (+7).
   rElec:     It insulates you from electricity.
   rN:        It protects you from negative energy.
Missiles
 f - 5 javelins
 s - 6 curare-tipped darts (quivered)
Armour
 e - a +0 plate armour (worn)
 g - a +1 hat (worn)
 h - a +0 cloak (worn)
 k - a +2 robe of cold resistance
 B - a +0 pair of boots (worn)
 G - a +0 pair of gloves (worn)
 J - a +0 tower shield (worn)
Jewellery
 i - a +4 ring of protection (left hand)
 u - a ring of see invisible (right hand)
Wands
 n - a wand of flame (36)
 q - a wand of digging (5)
Scrolls
 c - 2 scrolls of silence
 o - 2 scrolls of brand weapon
 p - a scroll of immolation
 x - a scroll of vulnerability
 C - a scroll of enchant weapon
 D - a scroll of amnesia
 E - a scroll of fog
Potions
 d - a potion of haste
 l - 2 potions of lignification
 m - a potion of flight
 t - a potion of mutation
 z - a potion of resistance


   Skills:
 + Level 9.4 Fighting
 + Level 9.3 Axes
 - Level 2.0 Throwing
 - Level 5.0 Armour
 + Level 6.2 Shields
 * Level 7.4 Spellcasting
 * Level 8.3 Fire Magic
 - Level 5.0 Evocations


You had 25 spell levels left.
You didn't know any spells.
Your spell library contained the following spells:

 Spells                   Type           Power      Damage    Failure   Level
 Scorch                   Fire           44%        2d7       86%         2
 Slow                     Hex            16%        N/A       100%        1
 Static Discharge         Conj/Air       4%         N/A       100%        2
 Call Canine Familiar     Summ           4%         N/A       100%        3
 Confusing Touch          Hex            4%         N/A       100%        3
 Dazzling Flash           Conj/Hex       8%         N/A       100%        3
 Frozen Ramparts          Ice            8%         1d2       100%        3
 Portal Projectile        Hex/Tloc       8%         N/A       100%        3
 Stone Arrow              Conj/Erth      8%         3d7       100%        3
 Animate Armour           Summ/Erth      8%         N/A       100%        4
 Ice Form                 Ice/Tmut       4%         N/A       100%        4
 Leda's Liquefaction      Hex/Erth       2%         N/A       100%        4
 Summon Ice Beast         Ice/Summ       4%         N/A       100%        4
 Agony                    Necr           4%         N/A       100%        5
 Lightning Bolt           Conj/Air       2%         1d13      100%        5
 Silence                  Hex/Air        2%         N/A       100%        5
 Summon Mana Viper        Hex/Summ       4%         N/A       100%        5
 Yara's Violent Unravell  Hex/Tmut       2%         3d3       100%        5
 Monstrous Menagerie      Summ           2%         N/A       100%        7
 Lehudib's Crystal Spear  Conj/Erth      2%         10d2      100%        8
 Maxwell's Capacitive Co  Air            2%         ∞         100%        8


Dungeon Overview and Level Annotations

Branches:
Dungeon (11/15)            Temple (0/1) D:5            Lair (2/6) D:8
 Spider (0/4) Lair:2          Orc (0/2) D:10
  Swamp: Lair:2-4    Shoals: Lair:2-4

Altars:
Cheibriados
Fedhas
Qazlal
Ru
Sif Muna
Uskayaw
Vehumet
Wu Jian
Xom
Zin
The Shining One

Shops:
D:3 :   D:4 !

Annotations:
D:9 4 runed translucent doors
D:11 nht's ghost, journeyman DsBr
Lair:2 1 runed translucent door


Innate Abilities, Weirdness & Mutations

You have a pair of horns on your head.
You reflexively headbutt those who attack you in melee.


Message History

The polar bear claws you but does no damage. x2
You block the polar bear's attack.
The polar bear claws you but does no damage.
You block the polar bear's attack.
You hit the polar bear. You burn the polar bear.
The polar bear is severely wounded.
The polar bear bites you but does no damage.
The polar bear claws you but does no damage.
The polar bear claws you.
* * * LOW HITPOINT WARNING * * *
You hit the polar bear. You burn the polar bear.
The polar bear is almost dead.
The polar bear bites you but does no damage.
You block the polar bear's attack.
The polar bear claws you but does no damage.
The polar bear bites you!!
* * * LOW HITPOINT WARNING * * *
You block the polar bear's attack. x2
You closely miss the polar bear.
The polar bear is almost dead.
The polar bear completely misses you. You block the polar bear's attack.
The polar bear claws you but does no damage.
You block the polar bear's attack. The polar bear claws you.
* * * LOW HITPOINT WARNING * * *
The polar bear claws you but does no damage.
You closely miss the polar bear.
The polar bear is almost dead.
The polar bear bites you!!
* * * LOW HITPOINT WARNING * * *
You block the polar bear's attack.
The polar bear claws you but does no damage.
The polar bear bites you.
* * * LOW HITPOINT WARNING * * *
The polar bear claws you but does no damage. x2
Okay, then.
Okay, then.
You hit the polar bear. You burn the polar bear. You headbutt the polar bear.
The polar bear is almost dead.
The polar bear bites you!
You die...

#............P##
#............##
........##...#
.......>##...##
.........#....#
.........#...##
.........#...##
........##....####
........#.....P#@#
.....#.........h##
#...............#
##..#...........#
....P...........###
.#..............#.#
.P...............##
<..##...........##
....##..........###


You could see a polar bear (berserk).

Vanquished Creatures
  A hydra (Lair:2)
  A two-headed ogre (D:10)
  Urug (Lair:2)
  2 manticores
  Joseph (D:10)
  A gargoyle (D:11)
  A cane toad (Lair:1)
  3 kobold demonologists
  An unseen horror (D:10)
  A rime drake (Lair:1)
  2 trolls
  4 blink frogs
  3 wyverns
  2 shadows
  13 yaks
  A steam dragon (D:8)
  2 basilisks
  5 vampire mosquitoes
  2 acid dragons
  8 water moccasins
  A black bear (D:5)
  2 orc warriors
  A sky beast (D:5)
  A necrophage (D:6)
  10 wolves
  7 centaurs
  A phantom (D:5)
  A kobold brigand (D:4)
  A gnoll sergeant (D:10)
  6 bullfrogs
  A wyvern zombie (D:6)
  A scorpion (D:4)
  15 killer bees
  4 electric eels
  A wight (D:9)
  5 centaur zombies
  7 hounds
  A centaur skeleton (D:6)
  2 gnoll shamans
  2 jellies
  5 orc priests
  2 bullfrog skeletons
  Jessica (D:2)
  3 iguanas (D:5)
  Natasha (thrice) (D:2)
  8 orc wizards
  A hound skeleton (D:5)
  Robin (D:4)
  3 howler monkey skeletons (D:7)
  15 gnolls
  6 adders
  A shadow imp (D:7)
  A white imp (D:8)
  An ufetubus (D:5)
  An adder skeleton (D:2)
  3 worms
  19 orcs
  6 ball pythons
  8 endoplasms
  4 giant cockroaches
  10 goblins
  8 hobgoblins
  6 jackals
  25 kobolds
  4 quokkas
  6 bats
  3 frilled lizards
  4 rats (D:1)
283 creatures vanquished.

Vanquished Creatures (collateral kills)
  A foxfire (Lair:1)
1 creature vanquished.

Vanquished Creatures (others)
  A bush (D:10)
  52 foxfires
  17 fungi
  96 plants
166 creatures vanquished.

Grand Total: 450 creatures vanquished

Notes
Turn   | Place    | Note
-------+----------+-------------------------------------------
     0 | D:1      | GordonOverkill the Minotaur Cinder Acolyte began the quest
                  | for the Orb.
     0 | D:1      | Reached XP level 1. HP: 19/19 MP: 1/1
   290 | D:1      | Reached XP level 2. HP: 26/27 MP: 2/2
   935 | D:1      | Found a faded altar of an unknown god.
   936 | D:1      | Noticed a golden eye
   941 | D:1      | Noticed a great orb of eyes
   945 | D:1      | Noticed a floating eye
   945 | D:1      | Noticed a shining eye
  1053 | D:1      | Reached XP level 3. HP: 33/33 MP: 4/4
  1278 | D:2      | Noticed Natasha
  1282 | D:2      | Killed Natasha
  1465 | D:2      | Reached XP level 4. HP: 40/40 MP: 5/5
  1564 | D:2      | Noticed Natasha
  1573 | D:2      | Killed Natasha
  1627 | D:2      | Noticed Natasha
  1810 | D:2      | Killed Natasha
  2015 | D:2      | Found a blossoming altar of Fedhas.
  2086 | D:2      | Noticed Jessica
  2087 | D:2      | Killed Jessica
  2088 | D:2      | Reached XP level 5. HP: 46/46 MP: 7/7
  2547 | D:3      | Upgraded the game from 0.28-a0-1227-ga9037bb4c8 to
                  | 0.28-a0-1233-g92def6ad0a
  2569 | D:3      | Found Iberu's Book Boutique.
  3268 | D:4      | Found Peugeron's Distillery.
  3578 | D:3      | Reached XP level 6. HP: 38/53 MP: 8/8
  3676 | D:4      | Reached skill level 1 in Armour
  3724 | D:4      | Bought a potion of heal wounds for 65 gold pieces
  3835 | D:4      | Noticed Robin
  3855 | D:4      | Killed Robin
  4564 | D:4      | Reached skill level 5 in Fighting
  4564 | D:4      | Reached skill level 5 in Axes
  4564 | D:4      | Reached XP level 7. HP: 57/61 MP: 10/10
  5044 | D:5      | Entered Level 5 of the Dungeon
  5481 | D:5      | Found a staircase to the Ecumenical Temple.
  5500 | D:5      | Reached skill level 1 in Shields
  5713 | D:5      | Found a radiant altar of Vehumet.
  5713 | D:5      | Found a snail-covered altar of Cheibriados.
  5834 | D:5      | Reached skill level 1 in Throwing
  6030 | D:5      | Found a shimmering blue altar of Sif Muna.
  6459 | D:5      | Reached XP level 8. HP: 59/69 MP: 12/12
  7455 | D:6      | Found a glowing silver altar of Zin.
  7619 | D:6      | Found Zexadal's Distillery.
  7853 | D:6      | Identified the +1 leather armour of Snakes and Ladders {rN+
                  | Dex+3}
  8159 | D:7      | Reached skill level 5 in Fire Magic
  8166 | D:7      | Found a stormy altar of Qazlal.
  8381 | D:7      | Reached XP level 9. HP: 67/75 MP: 14/14
  8747 | D:7      | Found a glowing golden altar of the Shining One.
  8961 | D:8      | Noticed a troll
  9441 | D:8      | Killed a troll
  9442 | D:8      | Reached skill level 1 in Evocations
 10063 | D:8      | Reached skill level 5 in Armour
 10266 | D:8      | Reached skill level 5 in Spellcasting
 10492 | D:8      | Found a staircase to the Lair.
 11127 | D:9      | Noticed a kobold demonologist
 11164 | D:9      | Killed a kobold demonologist
 11165 | D:9      | Reached XP level 10. HP: 86/86 MP: 16/16
 11216 | D:9      | Found a huge runed translucent gate.
 11217 | D:9      | Found a huge runed translucent gate.
 11217 | D:9      | Found a huge runed translucent gate.
 11217 | D:9      | Found a huge runed translucent gate.
 11218 | D:9      | Noticed a death yak
 11218 | D:9      | Noticed a manticore
 11218 | D:9      | Noticed a death yak
 11768 | D:9      | Found a large runed translucent door.
 11769 | D:9      | Found a large runed translucent door.
 11822 | D:9      | Found a hide-covered altar of Uskayaw.
 11827 | D:9      | Found an ornate altar of the Wu Jian Council.
 12827 | D:9      | Identified the +1 mace of Recklessness {flame, rElec rN+
                  | Int-4 Dex+7}
 12858 | D:9      | Noticed a manticore
 12866 | D:9      | Killed a manticore
 13051 | D:10     | Entered Level 10 of the Dungeon
 13548 | D:10     | Found a sacrificial altar of Ru.
 14045 | D:10     | Noticed Joseph
 14064 | D:10     | Killed Joseph
 14065 | D:10     | Reached XP level 11. HP: 64/94 MP: 19/19
 14599 | D:10     | Noticed a two-headed ogre
 14906 | D:10     | Found a blossoming altar of Fedhas.
 15123 | D:10     | Found a staircase to the Orcish Mines.
 15254 | D:10     | Found a sacrificial altar of Ru.
 15341 | D:10     | Found a staircase to the Orcish Mines.
 15616 | D:10     | Killed a two-headed ogre
 16036 | D:11     | Identified a scroll of acquirement
 16036 | D:11     | Acquired 1205 gold pieces
 16060 | D:11     | Noticed a soul eater
 16236 | D:11     | Reached skill level 5 in Shields
 16883 | D:11     | HP: 7/142 [ynoxinul/iron shot[a kobold demonologist] (16)]
 17404 | D:11     | Noticed nht's ghost (journeyman DsBr)
 18227 | Lair:1   | Entered Level 1 of the Lair of Beasts
 18248 | Lair:1   | Upgraded the game from 0.28-a0-1233-g92def6ad0a to
                  | 0.28-a0-1241-gf280a0fbb2
 20880 | Lair:2   | Noticed Urug
 20900 | Lair:2   | Killed Urug
 21068 | Lair:2   | Noticed a boulder beetle
 21729 | Lair:2   | Noticed a five-headed hydra
 21752 | Lair:2   | Killed a one-headed hydra
 21753 | Lair:2   | Reached skill level 5 in Evocations
 21753 | Lair:2   | Reached XP level 12. HP: 74/104 MP: 21/21
 21988 | Lair:2   | Found a hole to the Spider Nest.
 23317 | Lair:2   | Found a runed translucent door.
 23317 | Lair:2   | Found a shimmering altar of Xom.
 23348 | Lair:2   | HP: 5/105 [polar bear (4)]
 23349 | Lair:2   | Mangled by a polar bear

Illustrated notes

Levels and vault maps discovered:
D:1:      minmay_arrival_shattered_statue, layout_basic,
          hellmonk_ecumenical_altar_watching_god, minmay_tromino_i4
D:2:      layout_loops_cross, basic_altar, grunt_ministairs_1, uniq_natasha,
          uniq_jessica
D:3:      layout_loops_ring, serial_shops, nicolae_shop_trees
D:4:      kennysheep_kobold_camp, layout_basic, serial_shops,
          nicolae_stop_n_shop_1, chequers_serial_rivers_micro_b,
          minmay_pentomino_pile, uniq_robin
D:5:      layout_basic, gammafunk_temple_overflow_elements, led_sif_book,
          minmay_temple_entry_statues
D:6:      layout_basic, zin_academy, serial_shops, shop
D:7:      layout_basic, kennysheep_mini_moat, nicolae_qazlal_general_emergency,
          kennysheep_potato
D:8:      layout_gridville, erik_lair_island
D:9:      lemuel_bear_cage, layout_irregular_city, jmf_multi_god_temple2,
          minmay_misc_feat_pillars
D:10:     layout_roguey, nicolae_ru_awakened_eye, fedhas_ov_isle_minmay,
          orc_0_dummy, uniq_joseph
D:11:     layout_stronghold, gammafunk_ghost_icy, uniq_erolcha, uniq_harold
Lair:1:   layout_regular_city, nicolae_lair_lil_pond, grunt_megastairs_1,
          serial_bayou_shore_b, serial_bayou_shore_a,
          infiniplex_staircase_pool_2
Lair:2:   regret_index_wax_grids, layout_gridlike, spider_nest_entry_a,
          ebering_ghost_xom, uniq_urug

Skill      XL: |  1  2  3  4  5  6  7  8  9 10 11 |
---------------+----------------------------------+-----
Fighting       | 4 5 6 7 8 9 |  9.4
Axes           | 4 5 6 7 8 9 |  9.3
Spellcasting   | 2 3 4 5 6 7 |  7.4
Fire Magic     | 3 4 5 6 7 8 |  8.3
Armour         | 2 4 5 |  5.0
Shields        | 1 3 4 6 |  6.2
Throwing       | 1 2 |  2.0
Evocations     | 2 3 5 |  5.0

Action                   |  1- 3 |  4- 6 |  7- 9 | 10-12 || total
-------------------------+-------+-------+-------+-------++-------
Melee: Hand axe          |    63 |   186 |    48 |    85 ||   382
       Headbutt          |     6 |    23 |    69 |   106 ||   204
       Whip              |       |       |   428 |   551 ||   979
       War axe           |       |       |       |   163 ||   163
Throw: Dart              |       |       |     1 |    12 ||    13
Invok: Foxfire Swarm     |     1 |     1 |       |     2 ||     4
       Fiery Armour      |       |       |       |     1 ||     1
Evoke: Wand              |       |       |    16 |    14 ||    30
  Use: Scroll            |       |       |    17 |    16 ||    33
       Potion            |       |       |     1 |    10 ||    11
 Stab: Paralysed         |       |       |    11 |     4 ||    15
Armor: Robe              |    16 |     7 |       |       ||    23
       Chain mail        |       |   103 |    57 |       ||   160
       Plate armour      |       |       |   323 |   781 ||  1104
       Skin              |       |       |       |    32 ||    32
Dodge: Dodged            |    48 |    86 |   154 |   148 ||   436
Block: Buckler           |       |       |    53 |    25 ||    78
       Tower shield      |       |       |       |   605 ||   605

Table legend: (Time is in decaauts)
 A = Elapsed time spent in this place.
 B = Non-inter-level travel time spent in this place.
 C = Inter-level travel time spent in this place.
 D = Time resting spent in this place.
 E = Time spent auto-exploring this place.
 F = Levels seen in this place.
 G = Mean time per level.
                   A        B        C        D        E       F      G
               +--------+--------+--------+--------+--------+-----+--------+
         Total |  23552 |  22603 |    949 |  10074 |   8046 |  13 | 1811.7 |
       Dungeon |  19516 |  18683 |    833 |   8213 |   6940 |  11 | 1774.2 |
          Lair |   4035 |   3919 |    116 |   1861 |   1106 |   2 | 2017.5 |
               +--------+--------+--------+--------+--------+-----+--------+

Top non-repeatable levels by time:
    D:10: 3054 daAuts
     D:8: 2934 daAuts
     D:9: 2375 daAuts
     D:5: 2272 daAuts
  Lair:1: 2269 daAuts
  Lair:2: 1765 daAuts
     D:7: 1737 daAuts
     D:4: 1392 daAuts
    D:11: 1384 daAuts
     D:1: 1384 daAuts
     D:2: 1173 daAuts
     D:3: 1119 daAuts
     D:6: 687 daAuts
